Map: Golden Wall LE

Players

Van (Vanya)

  • Race: Zerg Zerg
  • League: Master
  • Spawn Location: 7:00

MarineLorD - Winner!

  • Race: Terran Terran
  • League: Master
  • Spawn Location: 5:00

Event: DreamHack SC2 Masters 2020 Fall

VOD

Have the link to the VOD?

Description

Time

  • Played on: Sept. 9, 2020, 11:04 a.m.
  • Length: 3:06

All games in this series

Show
View Real Time Build Order
Export as new Build Order

Van Zerg 

Build Orders: Hatch First 

Get SALT Encoding   

  12  0:00  Drone  
  13  0:12  Overlord  
  13  0:18  Drone  
  14  0:30  Drone  
  14  0:31  Drone  
  16  0:49  Hatchery  
  15  0:52  Drone  
  15  0:55  Drone  
  17  1:00  Drone  
  18  1:09  Extractor  
  17  1:15  Spawning Pool  
  17  1:18  Drone  
  17  1:21  Drone  
  18  1:27  Drone  
  19  1:38  Drone  
  20  1:49  Overlord  
  20  2:03  Zergling x4  
  20  2:04  Spine Crawler  
  20  2:05  Queen  
  23  2:14  Zergling x4  
  19  2:32  Zergling x4  
  20  2:45  Zergling x4  
Show
View Real Time Build Order
Export as new Build Order

MarineLorD Terran - Winner!

Build Orders:  

Get SALT Encoding   

  12  0:00  SCV  
  13  0:12  SCV  
  14  0:17  Supply Depot  
  14  0:24  SCV  
  15  0:39  Barracks  
  15  0:52  Barracks  
  15  1:05  Barracks  
  15  1:09  SCV  
  16  1:25  Marine  
  16  1:26  Orbital Command  
  17  1:38  Marine  
  18  1:43  Marine  
  18  1:47  Supply Depot  
  19  1:52  Marine  
  20  1:56  Marine  
  21  2:01  Marine  
  21  2:02  Bunker  
  22  2:10  Marine  
  22  2:14  Marine  
  24  2:19  Marine  
  24  2:22  SCV  
  26  2:28  Marine  
  25  2:32  Marine  
  26  2:37  Marine  
  27  2:46  SCV, Marine  

Tags
 
Add a new tag
Caveats
  • Supply blocks, unpowered buildings, or Contaminate may cause inaccurate times.
  • Supply counts are checked every 10 seconds.